 Dungeon Crawl Stone Soup version 0.22-a0-443-g17c3723 (webtiles) character file.

5362 xccam the Fighter (level 10, -1/96 HPs)
             Began as a Minotaur Monk on June 1, 2018.
             Slain by a vampire (11 damage)
             ... on level 9 of the Dungeon.
             The game lasted 00:14:02 (7763 turns).

xccam the Fighter (Minotaur Monk)                   Turns: 7763, Time: 00:14:03

Health: -1/96      AC:  6    Str: 18    XL:     10   Next: 39%
Magic:  9/9        EV: 19    Int:  7    God:
Gold:   364        SH:  0    Dex: 14    Spells: 9/9 levels left

rFire    + . .     SeeInvis .     - Unarmed
rCold    . . .     Gourm    .   (no shield)
rNeg     . . .     Faith    .   (no armour)
rPois    .         Spirit   .   (helmet restricted)
rElec    .         Reflect  .   v - +2 cloak
rCorr    .         Harm     .   h - +1 pair of gloves
MR       .....                  r - +0 pair of boots
Stlth    +++.......             (no amulet)
HPRegen  0.26/turn              B - ring of protection from fire
MPRegen  0.11/turn              w - ring of stealth

@: no status effects
A: retaliatory headbutt, horns 2
a: no special abilities


You were on level 9 of the Dungeon.
You were hungry.

You visited 2 branches of the dungeon, and saw 10 of its levels.

You collected 364 gold pieces.

Inventory:

Armour
 h - a +1 pair of gloves (worn)
 r - a +0 pair of boots (worn)
 v - a +2 cloak (worn)
Jewellery
 w - a ring of stealth (right hand)
 B - a ring of protection from fire (left hand)
 F - a +2 ring of intelligence
Wands
 n - a wand of random effects (20)
 o - a wand of polymorph (6)
 y - a wand of acid (6)
 E - a wand of paralysis (15)
 G - a wand of enslavement (9)
Scrolls
 a - 4 scrolls of teleportation
 d - 4 scrolls of immolation
 e - a scroll of noise {unknown}
 i - 2 scrolls of amnesia
 j - a scroll of fear
 l - a scroll of blinking {unknown}
 p - a scroll of random uselessness {unknown}
 q - 3 scrolls of remove curse
 z - a scroll of fog {unknown}
 C - a scroll of torment {unknown}
 D - a scroll of acquirement {unknown}
 H - a scroll of magic mapping {unknown}
Potions
 c - a potion of mutation
 f - 2 potions of haste
 g - a potion of magic
 k - a potion of berserk rage
 m - a potion of heal wounds
 s - a potion of lignification
 t - 2 potions of curing
 u - 2 potions of invisibility
 x - a potion of flight
 A - 3 potions of brilliance
 I - a potion of degeneration {unknown}
Comestibles
 b - 14 rations


   Skills:
 + Level 11.2 Fighting
 + Level 10.3 Dodging
 - Level 1.5 Stealth
 + Level 10.3 Unarmed Combat


You had 9 spell levels left.
You didn't know any spells.
Your spell library was empty.

Dungeon Overview and Level Annotations

Branches:
Dungeon (9/15)             Temple (1/1) D:4
   Lair: D:8-11         Orc: D:9-12

Altars:
Ashenzari
Dithmenos
Qazlal
Vehumet
The Shining One

Shops:
D:8 (


Innate Abilities, Weirdness & Mutations

You reflexively headbutt those who attack you in melee.
You have a pair of horns on your head.


Message History

You hit something. You headbutt something. Something hits you.
* * * LOW HITPOINT WARNING * * *
Something bites you.
* * * LOW HITPOINT WARNING * * *
Something draws strength from your injuries!
You miss something. Your headbutt misses something.
You hear some strange, mumbled words.
You are confused.
You feel better. Something hits you!
* * * LOW HITPOINT WARNING * * *
Something closely misses you.
The orc shouts!
You hit something. You hit something. Your headbutt misses something.
Something hits you.
* * * LOW HITPOINT WARNING * * *
Something bites you.
* * * LOW HITPOINT WARNING * * *
Something draws strength from your injuries!
You barely miss something. Something barely misses you. Something bites you!
You die...

#....##....##
####.#####.#
#.......#
######o#######
#.........
#.....<...
#.........
#.<[......
#.@{......
##########


You could see an orc.

Vanquished Creatures
  A two-headed ogre (D:8)
  Pikel (D:5)
  A troll (D:9)
  Prince Ribbit (D:8)
  Sigmund (D:2)
  4 hogs (D:8)
  2 humans
  Edmund (D:4)
  2 ice beasts
  4 sky beasts
  An ogre (D:6)
  A slave (D:5)
  A phantom (D:5)
  4 centaurs
  A big kobold (D:8)
  2 bullfrogs
  4 scorpions
  A howler monkey (D:4)
  3 crimson imps
  2 bullfrog zombies
  9 orc wizards
  4 orc priests
  A centaur skeleton (D:8)
  2 bullfrog skeletons (D:7)
  6 hounds
  Jessica (D:3)
  An iguana (D:5)
  6 worker ants
  A hound skeleton (D:8)
  A worker ant zombie (D:6)
  A howler monkey skeleton (D:5)
  4 gnolls (D:5)
  10 adders
  4 shadow imps
  2 oozes
  2 adder zombies
  A worm (D:4)
  5 dart slugs
  4 leopard geckos
  32 orcs
  10 bats
  6 giant cockroaches
  6 goblins
  4 hobgoblins
  8 jackals
  8 kobolds
  2 quokkas (D:3)
  4 ball pythons
  3 frilled lizards
  A leopard gecko skeleton (D:7)
  A quokka zombie (D:6)
  7 rats
195 creatures vanquished.

Vanquished Creatures (others)
  3 orcs (D:4)
3 creatures vanquished.

Grand Total: 198 creatures vanquished

Notes
Turn   | Place    | Note
-------+----------+-------------------------------------------
     0 | D:1      | xccam the Minotaur Monk began the quest for the Orb.
     0 | D:1      | Reached XP level 1. HP: 19/19 MP: 0/0
    78 | D:1      | Reached skill level 4 in Fighting
   369 | D:1      | Reached XP level 2. HP: 23/27 MP: 1/1
   800 | D:1      | Reached XP level 3. HP: 30/34 MP: 2/2
  1145 | D:2      | Noticed Sigmund
  1160 | D:2      | Killed Sigmund
  1160 | D:2      | Reached skill level 5 in Fighting
  1160 | D:2      | Reached skill level 5 in Unarmed Combat
  1160 | D:2      | Reached XP level 4. HP: 44/44 MP: 3/3
  1160 | D:2      | Reached XP level 5. HP: 50/50 MP: 4/4
  1199 | D:2      | Reached skill level 6 in Fighting
  2119 | D:3      | Reached XP level 6. HP: 51/57 MP: 5/5
  2196 | D:3      | Noticed Jessica
  2199 | D:3      | Killed Jessica
  2237 | D:3      | You fall through a shaft for 2 floors!
  2237 | D:5      | Entered Level 5 of the Dungeon
  2246 | D:5      | Noticed a sky beast
  2275 | D:5      | Killed a sky beast
  2277 | D:5      | Noticed a sky beast
  2282 | D:5      | Noticed a basilisk
  2282 | D:5      | a sky beast changed into a basilisk
  2283 | D:5      | Noticed a human
  2283 | D:5      | a basilisk changed into a human
  2290 | D:5      | Killed a human
  2290 | D:5      | Reached skill level 7 in Fighting
  2290 | D:5      | Reached XP level 7. HP: 19/66 MP: 6/6
  2881 | D:4      | Reached skill level 8 in Fighting
  3176 | D:4      | Found a staircase to the Ecumenical Temple.
  3616 | D:4      | Found a radiant altar of Vehumet.
  3664 | D:4      | Noticed Edmund
  3674 | D:4      | Killed Edmund
  3836 | D:4      | Reached XP level 8. HP: 75/75 MP: 7/7
  4169 | Temple   | Entered the Ecumenical Temple
  4366 | D:5      | Reached skill level 5 in Dodging
  4549 | D:5      | Noticed Pikel
  4559 | D:5      | Killed Pikel
  4559 | D:5      | Reached skill level 9 in Fighting
  4887 | D:6      | Reached XP level 9. HP: 60/84 MP: 8/8
  5690 | D:7      | Reached skill level 10 in Fighting
  6017 | D:8      | Found Kazomuas's Weapon Shop.
  6168 | D:8      | Noticed Prince Ribbit
  6189 | D:8      | Noticed a two-headed ogre
  6198 | D:8      | Killed a two-headed ogre
  6198 | D:8      | Reached XP level 10. HP: 23/94 MP: 9/9
  6210 | D:8      | Killed Prince Ribbit
  6978 | D:8      | Reached skill level 10 in Dodging
  6983 | D:8      | Reached skill level 10 in Unarmed Combat
  6992 | D:8      | Reached skill level 11 in Fighting
  7763 | D:9      | Slain by a vampire

Vault maps used:
D:1:      minmay_arrival_three_doors
D:2:      grunt_decor_mini_mirrors, uniq_sigmund
D:3:      first_ration, uniq_jessica
D:4:      fiery_altar_vehumet, temple_fountains, roderic_lattice_a, uniq_edmund
D:5:      uniq_pikel
D:7:      enter_bailey_2
D:8:      serial_shops, nicolae_shop_stone, grunt_livestock,
          corexii_hall_statues_l, uniq_prince_ribbit1
D:9:      david_lair_shrubbed, serial_undead, serial_undead_a, serial_undead_b,
          serial_undead_e, serial_undead_e, serial_undead_d, serial_undead_e,
          serial_shops, shop, shop, minivault_27
Temple:   nicolae_temple_the_god_donut

Skill      XL: |  1  2  3  4  5  6  7  8  9 10 |
---------------+-------------------------------+-----
Fighting       | 4 5 6 7 8 9 10 11 | 11.2
Unarmed Combat | 4 5 6 7 8 9 10 | 10.3
Dodging        | 4 7 9 10 | 10.3
Stealth        | |  1.5

Action                   |  1- 3 |  4- 6 |  7- 9 | 10-12 || total
-------------------------+-------+-------+-------+-------++-------
Melee: Unarmed           |    64 |    87 |   326 |    93 ||   570
       Headbutt          |     6 |    16 |    80 |    20 ||   122
       Punch             |       |     1 |    16 |     3 ||    20
Evoke: Wand              |       |     4 |     1 |       ||     5
  Use: Potion            |     1 |     1 |       |     4 ||     6
       Scroll            |       |       |    18 |       ||    18
 Stab: Sleeping          |     4 |     4 |     4 |     1 ||    13
       Distracted        |       |     1 |       |       ||     1
       Paralysed         |       |       |     3 |       ||     3
  Eat: Chunk             |       |     4 |     9 |     5 ||    18
       Ration            |       |       |     1 |       ||     1
Armor: Skin              |     7 |    20 |    26 |    14 ||    67
Dodge: Dodged            |    30 |    35 |   193 |    68 ||   326

Table legend:
 A = Spawn XP
 B = Non-spawn XP
 C = Spawn XP percentage of total XP
 D = Spawn monster count
 E = Non-spawn monster count
 F = Spawn count percentage of total count
 G = Total turns spent on level
                    A         B        C        D         E        F      G
               +---------+---------+-------+---------+---------+-------+---------
         Total |       0 |    7661 |   0.0 |       0 |     194 |   0.0 |  7763
               +---------+---------+-------+---------+---------+-------+---------
           D:1 |       0 |      48 |   0.0 |       0 |      25 |   0.0 |  1029
           D:2 |       0 |     295 |   0.0 |       0 |      11 |   0.0 |   621
           D:3 |       0 |     101 |   0.0 |       0 |      26 |   0.0 |   778
           D:4 |       0 |     496 |   0.0 |       0 |      21 |   0.0 |  1164
           D:5 |       0 |    1563 |   0.0 |       0 |      27 |   0.0 |  1198
           D:6 |       0 |     836 |   0.0 |       0 |      20 |   0.0 |   457
           D:7 |       0 |     959 |   0.0 |       0 |      23 |   0.0 |   760
           D:8 |       0 |    2682 |   0.0 |       0 |      30 |   0.0 |  1547
           D:9 |       0 |     681 |   0.0 |       0 |      11 |   0.0 |   207
               +---------+---------+-------+---------+---------+-------+---------
